AoeStats
← m0NOSY

Arabia

509020742Analyzed
1v1 RM · 9d ago on Sep 25, 2026· 39m 59s· 2 players
Game mode
Random Map
Map size
Tiny (2 player)
Population
200
Speed
Normal
Resources
Standard
Victory
Conquest
Starting age
Dark Age
Ending age
Imperial Age
RankedLock teamsTeams togetherTeam positionsShared explorationLock speedFull tech treeHidden civsTurbo modeCheats
Victory
Defeat
🇦🇷 Vietnamese · Argentina
880
+15
🇦🇷 Mongols · Argentina
864
-41
m0NOSY
11:22 Feudal Age
12:48 Double-Bit Axe
22:20 Castle Age
27:58 Loom
Burraza
7:32 Loom
10:06 Feudal Age
20:57 Castle Age
20:39 Double-Bit Axe
20:41 Horse Collar
20:54 Gold Mining
21:40 Fletching
21:51 Padded Archer Armor
21:14 Elite Skirmisher
21:18 Crossbowman
26:24 Leather Archer Armor
28:28 Bow Saw
28:23 Heavy Plow
30:41 Thumb Ring
33:04 Ballistics
37:05 Imperial Age
36:24 Bodkin Arrow
36:28 Murder Holes
36:25 Town Watch
37:16 Wheelbarrow
39:21 Chemistry
Connection lost

Rejoining the realm…

Still unreachable

The connection could not be restored.

Session expired

The server has moved on; the page needs a fresh start.